 Dungeon Crawl Stone Soup version 0.28-a0-793-g31680bbd8b (webtiles) character file.

Game seed: 16306786340531500473

1724 MirrMurr the Covert (level 8, 0/42 HPs)
             Began as a Spriggan Enchanter on Nov 4, 2021.
             Was an Initiate of Dithmenos.
             Slain by a boulder beetle (13 damage)
             ... on level 5 of the Dungeon.
             The game lasted 00:19:06 (10660 turns).

MirrMurr the Covert (Spriggan Enchanter)           Turns: 10660, Time: 00:19:07

Health: 0/42       AC:  3    Str:  6    XL:     8   Next: 75%
Magic:  1/15       EV: 20    Int: 17    God:    Dithmenos [......]
Gold:   418        SH:  0    Dex: 15    Spells: 3/15 levels left

rFire   . . .      SeeInvis +   a - +2 dagger (holy)
rCold   . . .      Faith    .   (shield restricted)
rNeg    . . .      Spirit   .   b - +0 robe
rPois   .          Reflect  .   (helmet restricted)
rElec   .          Harm     .   k - +0 cloak
rCorr   .          Rampage  .   (gloves unavailable)
Will    +....                   (boots unavailable)
Stlth   ++++......              (no amulet)
HPRegen 0.14/turn               (no ring)
MPRegen 0.14/turn               (no ring)

@: very slightly contaminated, very quick
A: very small, no large weapons, unfitting armour, see invisible, speed 3
a: Renounce Religion


You were on level 5 of the Dungeon.
You worshipped Dithmenos.
Dithmenos was noncommittal.
You visited 2 branches of the dungeon, and saw 7 of its levels.
You also visited: Sewer.

You collected 418 gold pieces.

Inventory:

Hand Weapons
 a - a +2 dagger of holy wrath (weapon)
 o - a +0 flail
 w - a +1 dagger
Missiles
 e - 142 stones (quivered)
 f - 2 throwing nets
 l - 3 curare-tipped darts
 n - 17 poisoned darts
 u - 4 boomerangs
Armour
 b - a +0 robe (worn)
 k - a +0 cloak (worn)
Jewellery
 y - a ring of wizardry
Wands
 r - a wand of iceblast (8)
Scrolls
 m - a scroll of silence
 v - a scroll of noise {unknown}
 x - 3 scrolls of identify
 z - a scroll of fear {unknown}
Potions
 c - a potion of invisibility
 d - a potion of flight
 g - a potion of mutation
 h - a potion of cancellation {unknown}
 i - a potion of haste {unknown}
 j - a potion of brilliance {unknown}
 p - a potion of might
 q - a potion of magic
 s - 2 potions of berserk rage
 t - 2 potions of curing {unknown}


   Skills:
 + Level 3.7 Fighting
 - Level 5.0 Short Blades
 + Level 6.8 Dodging
 - Level 8.0 Stealth
 - Level 4.0 Spellcasting
 - Level 8.0 Hexes


You had 3 spell levels left.
You knew the following spells:

 Your Spells              Type           Power      Damage    Failure   Level
a - Ensorcelled Hibernat  Hex/Ice        34%        N/A       4%          2
b - Confusing Touch       Hex            30%        N/A       1%          3
c - Tukima's Dance        Hex            30%        N/A       1%          3
d - Dazzling Flash        Conj/Hex       34%        N/A       9%          3
e - Slow                  Hex            100%       N/A       1%          1

Your spell library contained the following spells:

 Spells                   Type           Power      Damage    Failure   Level
 Inner Flame              Hex/Fire       17%        N/A       9%          3
 Foxfire                  Conj/Fire      12%        2x1d4     16%         1
 Conjure Flame            Conj/Fire      3%         6-21      43%         3
 Leda's Liquefaction      Hex/Erth       8%         N/A       30%         4
 Yara's Violent Unravell  Hex/Tmut       8%         3d5       63%         5
 Flame Wave               Conj/Fire      3%         3d3       83%         4
 Lee's Rapid Deconstruct  Erth           1%         3d5*      99%         5
 Statue Form              Tmut/Erth      2%         N/A       100%        6


Dungeon Overview and Level Annotations

Branches:
Dungeon (6/15)             Temple (1/1) D:6           Sewer (visited)

Altars:
Ashenzari
Cheibriados
Dithmenos
Elyvilon
Fedhas
Gozag
Kikubaaqudgha
Makhleb
Nemelex Xobeh
Okawaru
Qazlal
Ru
Sif Muna
Trog
Uskayaw
Vehumet
Xom
Yredelemnul
Zin
The Shining One

Shops:
D:1 =   D:5 (


Innate Abilities, Weirdness & Mutations

You are very small and have problems with some larger weapons.
You are too small for most types of armour.
You have supernaturally acute eyesight. (SInv)
You cover ground extremely quickly. (Speed+++)


Message History

Casting: Ensorcelled Hibernation (safe; 4% risk of failure)
Confirm with . or Enter, or press ? or * to list all spells.
Aiming: Ensorcelled Hibernation (safe; 4% risk of failure)
Press: ? - help, Shift-Dir - straight line, f/p - boulder beetle
Aim: a boulder beetle (chance to affect: 30%)
The boulder beetle easily resists.
The boulder beetle completely misses you.
Casting: Ensorcelled Hibernation (safe; 4% risk of failure)
Confirm with . or Enter, or press ? or * to list all spells.
Aiming: Ensorcelled Hibernation (safe; 4% risk of failure)
Press: ? - help, Shift-Dir - straight line, f/p - boulder beetle
Aim: a boulder beetle (chance to affect: 30%)
The boulder beetle easily resists.
The boulder beetle bites you!!
Ouch! That really hurt!
Unknown command.
The boulder beetle curls into a ball and begins rolling!
Casting: Ensorcelled Hibernation (safe; 4% risk of failure)
Confirm with . or Enter, or press ? or * to list all spells.
Aiming: Ensorcelled Hibernation (safe; 4% risk of failure)
Press: ? - help, Shift-Dir - straight line, f/p - boulder beetle
Aim: a boulder beetle (rolling, chance to affect: 30%)
The boulder beetle easily resists.
The boulder beetle misses you.
The boulder beetle stops rolling and uncurls.
Unknown command.
Casting: Ensorcelled Hibernation (safe; 4% risk of failure)
Confirm with . or Enter, or press ? or * to list all spells.
Aiming: Ensorcelled Hibernation (safe; 4% risk of failure)
Press: ? - help, Shift-Dir - straight line, f/p - boulder beetle
Aim: a boulder beetle (chance to affect: 30%)
The boulder beetle easily resists.
The boulder beetle bites you.
Unknown command.
Casting: Ensorcelled Hibernation (safe; 4% risk of failure)
Confirm with . or Enter, or press ? or * to list all spells.
Aiming: Ensorcelled Hibernation (safe; 4% risk of failure)
Press: ? - help, Shift-Dir - straight line, f/p - boulder beetle
Aim: a boulder beetle (chance to affect: 30%)
You miscast Ensorcelled Hibernation.
You are very lightly contaminated with residual magic.
Nothing appears to happen.
The boulder beetle bites you!
You die...

###...............##
##.## ##
###........##......#
#..# #
##.....#...#####...##
#..## # .....###...#
##..## ##..# ## ...###
#..## #...### ##..###.
..## #..#
##....B####.....#. ###
##.#
#...#○.○.......... ##
#.##
#.B.####°......... .##
#.># ##@.##
##°°....... ..#####
#..# #...# #.......##
#.....###..####...##
#.....####
#......###..##.....#
##..### # ..######
###.#.....#####^..## #
..#
##......##.......#####
.##
###.......####....#..
.# ###...### ###.....
## #..## ##..##


You could see a boulder beetle.

Vanquished Creatures
  Eustachio (D:4)
  A steam dragon (D:5)
  Pargi (Sewer)
  2 necrophages
  A sky beast (D:6)
  3 ogres
  2 scorpions
  A water moccasin zombie (D:5)
  A water moccasin skeleton (D:5)
  A howler monkey (D:6)
  Crazy Yiuf (D:2)
  A bullfrog skeleton (D:6)
  2 iguanas (D:5)
  3 orc wizards
  14 gnolls
  6 adders
  2 worms (D:2)
  A dart slug (D:3)
  21 orcs
  12 bats
  5 endoplasms
  4 giant cockroaches
  3 hobgoblins
  2 quokkas (D:6)
  6 ball pythons
  4 frilled lizards
  4 goblins
  3 kobolds
  7 rats
115 creatures vanquished.

Vanquished Creatures (collateral kills)
  An ogre (D:5)
  3 gnolls (D:3)
  A kobold (D:3)
5 creatures vanquished.

Vanquished Creatures (others)
  4 dancing weapons (D:3)
4 creatures vanquished.

Grand Total: 124 creatures vanquished

Notes
Turn   | Place    | Note
-------+----------+-------------------------------------------
     0 | D:1      | MirrMurr the Spriggan Enchanter began the quest for the
                  | Orb.
     0 | D:1      | Reached XP level 1. HP: 9/9 MP: 5/5
   352 | D:1      | Found a faded altar of an unknown god.
   443 | D:1      | Found Konaigop's Jewellery Shop.
   944 | D:1      | Reached XP level 2. HP: 13/13 MP: 6/6
   947 | D:1      | Learned a level 2 spell: Ensorcelled Hibernation
   976 | D:1      | Reached skill level 5 in Stealth
  1303 | D:1      | Found Konaigop's Jewellery Shop.
  1817 | D:2      | Reached XP level 3. HP: 16/16 MP: 8/8
  1821 | D:2      | Learned a level 3 spell: Confusing Touch
  2384 | D:2      | Found a runed translucent door.
  2385 | D:2      | Noticed Crazy Yiuf
  2392 | D:2      | Killed Crazy Yiuf
  2393 | D:2      | Reached XP level 4. HP: 21/21 MP: 9/9
  3630 | D:4      | Noticed a scorpion
  3633 | D:4      | Killed a scorpion
  3634 | D:4      | Reached XP level 5. HP: 22/24 MP: 10/10
  4253 | D:3      | Found a burning altar of Makhleb.
  4666 | D:2      | Learned a level 3 spell: Tukima's Dance
  5160 | D:3      | Found a sparkling altar of Nemelex Xobeh.
  5176 | D:3      | Reached XP level 6. HP: 28/28 MP: 7/11
  5521 | D:3      | Reached skill level 5 in Short Blades
  6130 | D:4      | Noticed Eustachio
  6144 | D:4      | Killed Eustachio
  6145 | D:4      | Reached skill level 5 in Hexes
  6302 | D:4      | Reached XP level 7. HP: 19/32 MP: 8/14
  6941 | D:5      | Entered Level 5 of the Dungeon
  7268 | D:5      | Noticed a steam dragon
  7272 | D:5      | Killed a steam dragon
  7397 | D:5      | Learned a level 3 spell: Dazzling Flash
  7399 | D:5      | Learned a level 1 spell: Slow
  7862 | D:5      | Reached skill level 1 in Fighting
  7862 | D:5      | Reached XP level 8. HP: 37/37 MP: 6/15
  7964 | D:5      | Found Penuul Jea's Antique Weapon Emporium.
  8712 | D:6      | Found a glowing drain.
  8725 | Sewer    | Entered a sewer
  8812 | Sewer    | Noticed Pargi
  8819 | Sewer    | Killed Pargi
  8820 | Sewer    | Reached skill level 5 in Dodging
  8914 | D:6      | Noticed a boulder beetle
  9472 | D:6      | Found a staircase to the Ecumenical Temple.
  9479 | Temple   | Entered the Ecumenical Temple
  9633 | D:6      | Found an iron altar of Okawaru.
  9633 | D:6      | Found a glowing silver altar of Zin.
  9641 | D:6      | Found a shadowy altar of Dithmenos.
  9643 | D:6      | Found an opulent altar of Gozag.
  9645 | D:6      | Found a shimmering blue altar of Sif Muna.
  9648 | D:6      | Became a worshipper of Dithmenos the Shadowed
 10660 | D:5      | Slain by a boulder beetle

Illustrated notes

Levels and vault maps discovered:
D:1:      wander_arrival_estate, layout_loops_cross,
          shapermc_ecumenical_altar_flowoftime, serial_shops, nicolae_shop_trees
D:2:      layout_basic, uniq_crazy_yiuf_cottage
D:3:      layout_rooms, mainiacjoe_overflow_brackets, nemelex_dance_club_becter,
          st_stairs_5
D:4:      layout_loops_ring, uniq_eustachio
D:5:      layout_layer_cave, serial_shops,
          nicolae_shop_temple_entry_statues_fountains
D:6:      layout_basic, chequers_temple_overflow_minitemple,
          minmay_temple_entry_hall, gup_sewer_entry_bubbles
Temple:   dshaligram_water_room_temple

Skill      XL: |  1  2  3  4  5  6  7  8 |
---------------+-------------------------+-----
Stealth        | 5 6 7 8 |  8.0
Short Blades   | 2 3 4 5 |  5.0
Spellcasting   | 4 |  4.0
Hexes          | 5 8 |  8.0
Fighting       | 1 3 |  3.7
Dodging        | 3 6 |  6.8

Action                   |  1- 3 |  4- 6 |  7- 9 || total
-------------------------+-------+-------+-------++-------
Melee: Dagger            |    60 |   188 |   148 ||   396
 Cast: Ensorcelled Hiber |     8 |    40 |    55 ||   103
       Tukima's Dance    |       |    16 |     6 ||    22
       Confusing Touch   |       |       |     5 ||     5
Evoke: Wand              |       |       |     5 ||     5
  Use: Scroll            |       |     8 |     2 ||    10
 Stab: Sleeping          |    15 |    28 |    31 ||    74
       Confused          |       |       |     4 ||     4
Armor: Robe              |     3 |    11 |    14 ||    28
Dodge: Dodged            |    29 |   161 |   136 ||   326

Table legend: (Time is in decaauts)
 A = Elapsed time spent in this place.
 B = Non-inter-level travel time spent in this place.
 C = Inter-level travel time spent in this place.
 D = Time resting spent in this place.
 E = Time spent auto-exploring this place.
 F = Levels seen in this place.
 G = Mean time per level.
                   A        B        C        D        E       F      G
               +--------+--------+--------+--------+--------+-----+--------+
         Total |   8145 |   7735 |    410 |    127 |   6190 |   8 | 1018.1 |
       Dungeon |   7944 |   7549 |    395 |     81 |   6086 |   6 | 1324.0 |
        Temple |     80 |     65 |     15 |      0 |     60 |   1 |   80.0 |
         Sewer |    120 |    120 |      0 |     46 |     44 |   1 |  120.0 |
               +--------+--------+--------+--------+--------+-----+--------+

Top non-repeatable levels by time:
     D:2: 1896 daAuts
     D:5: 1460 daAuts
     D:3: 1382 daAuts
     D:4: 1201 daAuts
     D:1: 1057 daAuts
     D:6: 946 daAuts
   Sewer: 120 daAuts
  Temple: 80 daAuts
